 Dungeon Crawl Stone Soup version 0.21.1-1-g345015fe64 (webtiles) character file.

273 Loge the Ruffian (level 6, -12/61 HPs)
             Began as a Troll Monk on July 18, 2018.
             Killed from afar by Dowan (18 damage)
             ... with a shard of ice
             ... on level 4 of the Dungeon.
             The game lasted 00:05:00 (3310 turns).

Loge the Ruffian (Troll Monk)                       Turns: 3310, Time: 00:05:00

Health: -12/61     AC:  5    Str: 20    XL:     6   Next: 3%
Magic:  5/5        EV:  8    Int:  6    God:
Gold:   256        SH:  8    Dex: 14    Spells: 5/5 levels left

rFire    . . .     SeeInvis .     - Unarmed
rCold    . . .     Gourm    +   l - +0 shield
rNeg     . . .     Faith    .   a - +0 robe
rPois    .         Spirit   .   (helmet restricted)
rElec    .         Reflect  .   (no cloak)
rCorr    .         Harm     .   (gloves unavailable)
MR       .....                  (boots unavailable)
Stlth    ++........             (no amulet)
HPRegen  0.60/turn              (no ring)
MPRegen  0.09/turn              (no ring)

@: lethally poisoned (-12 -> -12)
A: large, unfitting armour, claws 3, fast metabolism 3, gourmand, regeneration
1, shaggy fur 1, tough skin 2
a: no special abilities


You were on level 4 of the Dungeon.
You were completely stuffed.

You visited 1 branch of the dungeon, and saw 4 of its levels.

You collected 256 gold pieces.

Inventory:

Missiles
 d - 191 stones (quivered)
 u - 5 tomahawks
Armour
 a - a +0 robe (worn)
 k - a +0 large shield
 l - a +0 shield (worn)
Jewellery
 i - an uncursed ring of magical power {unknown}
 p - an uncursed ring of see invisible {unknown}
 s - a cursed -2 ring of strength {unknown}
 x - an uncursed ring of protection from fire {unknown}
Wands
 n - a wand of flame (22)
 v - a wand of polymorph (31)
 w - a wand of iceblast (11)
 y - a wand of acid (9)
 A - a wand of scattershot (8)
Scrolls
 e - 2 scrolls of enchant armour {unknown}
 f - 7 scrolls of identify {unknown}
 g - 3 scrolls of amnesia {unknown}
 m - a scroll of fog {unknown}
 o - 2 scrolls of immolation {unknown}
 q - a scroll of random uselessness {unknown}
Potions
 c - 2 potions of agility {unknown}
 h - a potion of flight {unknown}
 j - 2 potions of degeneration {unknown}
 r - a potion of brilliance {unknown}
 z - 3 potions of haste {unknown}
 B - a potion of berserk rage {unknown}
Comestibles
 b - 7 rations


   Skills:
 + Level 3.5 Fighting
 - Level 2.4 Dodging
 - Level 1.0 Stealth
 + Level 2.0 Shields
 * Level 5.3 Unarmed Combat


You had 5 spell levels left.
You didn't know any spells.

Dungeon Overview and Level Annotations

Branches:
Dungeon (4/15)
 Temple: D:4-7

Altars:
Fedhas
Hepliaklqana
Wu Jian

Annotations:
D:3 exclusion: downstairs
D:4 Dowan; Loge's ghost, amateur TrMo


Innate Abilities, Weirdness & Mutations

You are too large for most types of armour.
You have claws for hands.
Your metabolism is lightning-fast.
You like to eat raw meat.
Your natural rate of healing is unusually fast.
You are covered in fur. (AC +1)
You have very tough skin. (AC +2)


Message History

The worker ant is almost dead.
You feel sick. The worker ant barely misses you.
Dowan casts a spell.
Dowan blinks!
You scratch the worker ant.
You kill the worker ant!
Your Shields skill increases to level 2!
You have reached level 6!
Your experience leads to an increase in your attributes!
Increase (S)trength, (I)ntelligence, or (D)exterity?
You feel agile.
You feel stronger.
You feel sick.
You feel sick.
You feel sick.
You feel sick.
You feel sick.
Dowan says, "Her death will not be in vain!"
Dowan casts a spell at you. The shard of ice hits you!
You die...

###..#..# ##...######### .
#..##...#...# #..##
#..#..#..#..## ##....####
##...#..#..#._ #.....)..###
####..#..#..#
..######...#########...#...##
.........e....>...#########
.#########.@<######
###...###########
###.......#...##
###################.........##
.......<.....................#
##################...........#
#...........# ##.........##
##...#...##


You could see Dowan.

Vanquished Creatures
  Duvessa (D:4)
  An orc wizard (D:3)
  A worker ant (D:4)
  5 adders
  2 worms
  A dart slug (D:3)
  3 leopard geckos
  7 orcs
  5 bats
  6 giant cockroaches
  5 goblins
  6 hobgoblins
  A quokka (D:3)
  2 ball pythons
  3 frilled lizards
  4 kobolds
  6 rats
59 creatures vanquished.

Notes
Turn   | Place    | Note
-------+----------+-------------------------------------------
     0 | D:1      | Loge the Troll Monk began the quest for the Orb.
     0 | D:1      | Reached XP level 1. HP: 22/22 MP: 0/0
   183 | D:1      | Reached XP level 2. HP: 29/29 MP: 1/1
  1309 | D:2      | Reached XP level 3. HP: 8/36 MP: 2/2
  1323 | D:2      | Found a hazy altar of Hepliaklqana.
  1453 | D:2      | Found a blossoming altar of Fedhas.
  2122 | D:3      | Reached skill level 4 in Unarmed Combat
  2302 | D:3      | Reached skill level 1 in Shields
  2302 | D:3      | Reached XP level 4. HP: 40/44 MP: 3/3
  3019 | D:4      | Reached XP level 5. HP: 53/53 MP: 4/4
  3055 | D:4      | Found an ornate altar of the Wu Jian Council.
  3112 | D:4      | Noticed Loge's ghost (amateur TrMo)
  3275 | D:4      | Noticed Duvessa
  3277 | D:4      | Noticed Dowan
  3293 | D:4      | Killed Duvessa
  3293 | D:4      | Reached skill level 5 in Unarmed Combat
  3305 | D:4      | Reached XP level 6. HP: 8/61 MP: 5/5
  3310 | D:4      | Killed from afar by Dowan

Skill      XL: |  1  2  3  4  5 |
---------------+----------------+-----
Unarmed Combat | 4 5 |  5.3
Shields        | 1 2 |  2.0
Fighting       | 3 |  3.5
Dodging        | |  2.4
Stealth        | |  1.0

Action                   |  1- 3 |  4- 6 || total
-------------------------+-------+-------++-------
Melee: Unarmed           |   158 |    97 ||   255
       Punch             |     2 |       ||     2
 Stab: Sleeping          |     5 |       ||     5
  Eat: Chunk             |    23 |    13 ||    36
Armor: Robe              |    66 |    25 ||    91
Dodge: Dodged            |    65 |    16 ||    81
Block: Shield            |    24 |    27 ||    51
